 Seeded DCSS version 0.29-a0-878-g7b45a56547 (webtiles) character file.

Game seed: 7968154553560935481 (custom seed)

14 Kazon the Cudgeller (level 2, -2/29 HPs)
             Began as an Ogre Gladiator on July 19, 2022.
             Slain by Natasha (3 damage)
             ... on level 2 of the Dungeon.
             The game lasted 00:02:39 (1064 turns).

Kazon the Cudgeller (Ogre Gladiator)                Turns: 1064, Time: 00:02:40

Health: -2/29      AC:  3    Str: 17    XL:     2   Next: 45%
Magic:  2/2        EV: 10    Int:  9    God:
Gold:   38         SH:  0    Dex: 10    Spells: 1/1 levels left

rFire   . . .      SeeInvis .   a - +0 flail
rCold   . . .      Faith    .   (no shield)
rNeg    . . .      Spirit   .   b - +0 robe
rPois   .          Reflect  .   c - +0 hat
rElec   .          Harm     .   (no cloak)
rCorr   .          Rampage  .   (gloves unavailable)
Will    .....                   (boots unavailable)
Stlth   +.........              (no amulet)
HPRegen 0.09/turn               (no ring)
MPRegen 0.08/turn               (no ring)

@: no status effects
A: large, unfitting armour, tough skin 1
a: no special abilities


You were on level 2 of the Dungeon.
You visited 1 branch of the dungeon, and saw 2 of its levels.

You collected 50 gold pieces.
You spent 12 gold pieces at shops.

Inventory:

Hand Weapons
 a - a +0 flail (weapon)
Missiles
 d - 3 throwing nets
 e - a large rock
 f - 14 stones (quivered)
Armour
 b - a +0 robe (worn)
 c - a +0 hat (worn)
Scrolls
 g - 2 scrolls of identify {unknown}
 i - a scroll of teleportation {unknown}
Potions
 h - a potion of mutation {unknown}
 j - a potion of curing {unknown}


   Skills:
 + Level 2.8 Fighting
 + Level 3.0 Maces & Flails
 + Level 2.2 Throwing
 + Level 2.9 Dodging


You had one spell level left.
You didn't know any spells.
Your spell library was empty.

Dungeon Overview and Level Annotations

Branches:
Dungeon (2/15)

Altars:

Shops:
D:1 (![

Annotations:
D:2 Natasha


Innate Abilities, Weirdness & Mutations

You are too large for most types of armour.
You have tough skin. (AC +1)


Message History

The goblin shouts!
The hobgoblin shouts!
There is a stone staircase leading up here.
There are monsters nearby!
You sock the hobgoblin!
You kill the hobgoblin!
You sock the goblin!
You kill the goblin!
Things that are here:
a +0 dagger; a goblin corpse You see here a hobgoblin corpse.
A kobold comes into view. It is wielding a +0 club.
The kobold shouts!
You hear an angry hiss.
Found a chain mail and 4 stones.
Natasha, Servant of Life and Death comes into view.
You closely miss the kobold. The kobold hits you but does no damage.
Natasha mumbles some strange words.
You sock the kobold!
You kill the kobold!
The crimson imp barely misses you.
You see here a +0 club.
You hit the crimson imp.
The crimson imp is moderately wounded.
The crimson imp hits you but does no damage.
Natasha barely misses you.
You hit Natasha.
Natasha is moderately wounded.
The crimson imp hits you but does no damage.
Natasha claws you!
You closely miss Natasha.
Natasha is moderately wounded.
The crimson imp hits you but does no damage.
Natasha claws you. The crimson imp barely misses you. Natasha claws you!
* * * LOW HITPOINT WARNING * * *
You hit Natasha.
Natasha is severely wounded.
The crimson imp hits you but does no damage.
Natasha claws you!
* * * LOW HITPOINT WARNING * * *
Natasha attacks as you move away! Natasha claws you.
You die...

##.# #.#
#######..#####.#
#..............#
#.#####.########
#.## #.# ##.(.#
#.# .#..... #.#
#[....h##.#
#....5@..#
##...##### #.# #


You could see Natasha and a crimson imp (summoned).

Vanquished Creatures
  2 endoplasms (D:1)
  4 goblins
  3 hobgoblins
  A kobold (D:2)
  2 rats (D:1)
12 creatures vanquished.

Notes
Turn   | Place    | Note
-------+----------+-------------------------------------------
     0 | D:1      | Kazon the Ogre Gladiator began the quest for the Orb.
     0 | D:1      | Reached XP level 1. HP: 22/22 MP: 1/1
    21 | D:1      | Found Binoet's Distillery.
    37 | D:1      | Bought a potion of degeneration for 12 gold pieces
   302 | D:1      | Found Wodociga's Antique Armour Shoppe.
   414 | D:1      | Reached XP level 2. HP: 13/29 MP: 2/2
   597 | D:1      | Found Bogoojeo's Antique Weapon Boutique.
   618 | D:1      | Reached skill level 3 in Maces & Flails
   795 | D:1      | Found a faded altar of an unknown god.
  1056 | D:2      | Noticed Natasha
  1058 | D:2      | Noticed a crimson imp
  1063 | D:2      | HP: 1/29 [Natasha (7)]
  1064 | D:2      | Slain by Natasha

Illustrated notes

Levels and vault maps discovered:
D:1:      dpeg_arrival_rooms_c, layout_basic,
          chequers_ecumenical_altar_simple_redux, serial_shops, shop_fountains,
          shop, shop, chequers_arboretum
D:2:      layout_loops_ring, minmay_between, uniq_sigmund, uniq_jessica,
          uniq_natasha

Skill      XL: |  1  2 |
---------------+-------+-----
Maces & Flails | 3 |  3.0
Fighting       | |  2.8
Throwing       | |  2.2
Dodging        | |  2.9

Action                   || total
-------------------------++-------
Melee: Flail             ||    33
Throw: Stone             ||     8
Armor: Robe              ||     8
Dodge: Dodged            ||    10

Table legend: (Time is in decaauts)
 A = Elapsed time spent in this place.
 B = Non-inter-level travel time spent in this place.
 C = Inter-level travel time spent in this place.
 D = Time resting spent in this place.
 E = Time spent auto-exploring this place.
 F = Levels seen in this place.
 G = Mean time per level.
                   A        B        C        D        E       F      G
               +--------+--------+--------+--------+--------+-----+--------+
         Total |   1072 |   1028 |     44 |      0 |    728 |   2 |  536.0 |
       Dungeon |   1072 |   1028 |     44 |      0 |    728 |   2 |  536.0 |
               +--------+--------+--------+--------+--------+-----+--------+

Top non-repeatable levels by time:
     D:1: 1041 daAuts
     D:2: 30 daAuts
